Map: Daybreak LE (Void)

Players

Elazer - Winner!

  • Race: Zerg Zerg
  • League: Grandmaster
  • Spawn Location: 7:00

Semper

  • Race: Terran Terran
  • Spawn Location: 1:00

Event: NationWars IV

VOD

Have the link to the VOD?

Description

Time

  • Played on: Jan. 21, 2017, 10:37 a.m.
  • Length: 11:52
Show
View Real Time Build Order
Export as new Build Order

Elazer Zerg - Winner!

Build Orders: Hatch First 

Get SALT Encoding   

  12  0:01  Drone  
  13  0:12  Overlord  
  13  0:17  Drone  
  14  0:31  Drone x2  
  14  0:34  Drone  
  17  0:52  Hatchery  
  17  0:55  Drone  
  17  0:58  Drone  
  18  1:09  Extractor  
  17  1:13  Spawning Pool  
  17  1:16  Drone  
  17  1:19  Drone  
  18  1:29  Drone  
  19  1:39  Overlord  
  19  2:00  Zergling x2, Queen  
  19  2:01  Zergling x2  
  23  2:03  Queen  
  23  2:04  Drone  
  26  2:08  Metabolic Boost  
  26  2:26  Hatchery  
  26  2:28  Drone  
  26  2:31  Drone  
  26  2:34  Drone  
  28  2:38  Drone  
  29  2:45  Queen  
  29  2:49  Drone  
  32  2:53  Overlord  
  32  2:55  Drone  
  32  2:58  Drone  
  34  3:01  Drone  
  34  3:03  Drone  
  37  3:12  Drone  
  37  3:13  Overlord, Drone  
  37  3:15  Drone  
  37  3:16  Drone  
  37  3:18  Drone  
  41  3:24  Queen  
  43  3:29  Evolution Chamber  
  43  3:31  Drone  
  43  3:33  Drone  
  44  3:34  Drone  
  44  3:37  Drone  
  44  3:39  Drone  
  47  3:42  Drone x2  
  47  3:44  Drone  
  47  3:47  Drone  
  51  3:51  Drone  
  51  3:52  Drone x2  
  54  3:56  Overlord  
  54  3:58  Drone  
  55  4:04  Zerg Ground Armor Level 1  
  55  4:06  Queen  
  55  4:08  Drone  
  58  4:16  Drone x2  
  60  4:17  Drone  
  60  4:18  Overlord, Drone x2  
  63  4:24  Drone x2  
  63  4:26  Overlord  
  65  4:35  Zergling x2  
  65  4:37  Overlord x2  
  67  4:38  Zergling x12  
  67  4:43  Zergling x2  
  73  4:47  Queen  
  73  4:49  Zergling x10  
  73  4:51  Extractor  
  79  4:57  Hatchery  
  78  5:01  Overlord  
  78  5:04  Drone  
  78  5:07  Drone x3  
  78  5:09  Lair  
  78  5:10  Overlord  
  81  5:19  Overlord  
  81  5:20  Baneling Nest  
  80  5:24  Zergling x8  
  80  5:27  Overlord  
  84  5:28  Hatchery  
  84  5:29  Queen  
  84  5:33  Extractor, Drone x2  
  86  5:36  Drone  
  86  5:37  Drone  
  86  5:39  Overlord  
  86  5:42  Drone  
  89  5:45  Overlord  
  89  5:48  Zergling x4  
  89  5:49  Drone  
  92  5:50  Overlord  
  92  5:51  Drone  
  92  5:52  Extractor, Drone  
  92  5:54  Evolution Chamber  
  92  5:55  Drone x3  
  95  5:57  Zergling x2  
  95  5:59  Overlord  
  95  6:01  Zergling x4  
  98  6:04  Zergling x8  
  98  6:05  Baneling  
  98  6:06  Baneling  
  98  6:07  Baneling x2  
  102  6:18  Zerg Ground Armor Level 2  
  102  6:23  Overlord  
  102  6:31  Baneling x4  
  102  6:32  Zerg Melee Weapons Level 1, Zergling x2  
  103  6:33  Zergling x16  
  103  6:36  Overlord  
  110  6:42  Overlord  
  110  6:43  Zergling x2  
  110  6:44  Zergling x10  
  115  6:53  Overlord  
  113  6:54  Drone x7, Centrifical Hooks  
  113  6:57  Drone  
  117  7:03  Overlord  
  117  7:06  Drone  
  117  7:07  Drone x2  
  120  7:10  Overlord  
  120  7:11  Overseer  
  120  7:14  Zergling x18  
  129  7:22  Overlord  
  129  7:25  Infestation Pit  
  129  7:26  Extractor  
  129  7:27  Drone x3  
  129  7:28  Zergling x2, Overseer  
  129  7:29  Zergling x6  
  134  7:33  Overlord  
  134  7:34  Zergling x8  
  138  7:40  Overlord  
  138  7:41  Baneling x7  
  138  7:44  Zergling x10  
  138  7:46  Overlord  
  138  7:49  Overlord  
  138  7:50  Drone  
  144  7:56  Zergling x2  
  144  7:57  Zergling x14  
  152  7:59  Overlord  
  152  8:04  Hive  
  152  8:11  Drone  
  152  8:12  Spore Crawler, Drone  
  152  8:16  Spore Crawler x2  
  152  8:17  Spore Crawler, Drone  
  141  8:21  Zergling x12  
  141  8:22  Zergling x12  
  153  8:29  Zerg Melee Weapons Level 2  
  153  8:34  Overlord  
  153  8:38  Overlord  
  153  8:40  Zergling x6  
  153  8:41  Zergling x18  
  163  8:55  Baneling x6  
  162  8:59  Zergling x18  
  162  9:02  Zergling x22  
  155  9:18  Adrenal Glands  
  155  9:19  Viper  
  155  9:20  Zergling x14  
  155  9:21  Ultralisk Cavern, Baneling  
  155  9:22  Baneling x11  
  155  9:24  Overlord  
  161  9:42  Zergling x14  
  168  9:49  Hatchery  
  160  10:00  Overlord  
  160  10:01  Zergling x2  
  160  10:02  Zergling x12  
  160  10:03  Drone x2  
  160  10:04  Extractor  
  160  10:05  Drone x3  
  171  10:16  Chitinous Plating  
  171  10:17  Ultralisk x2  
  176  10:30  Ultralisk  
  176  10:34  Drone  
  176  10:35  Extractor, Drone x3  
  181  10:41  Zergling x24  
  193  10:43  Spire  
  191  10:50  Zergling x8  
  191  10:51  Zergling x10  
  180  10:57  Pneumatized Carapace  
  180  11:03  Zergling x10  
  180  11:04  Ultralisk, Zergling x2  
  160  11:16  Zergling x22  
  175  11:22  Hatchery  
  174  11:26  Baneling x11  
  174  11:27  Zergling x10  
Show
View Real Time Build Order
Export as new Build Order

Semper Terran 

Build Orders: Reaper Expand, MMM Bio 

Get SALT Encoding   

  12  0:00  SCV  
  13  0:13  SCV  
  14  0:17  Supply Depot  
  14  0:25  SCV  
  15  0:39  SCV  
  15  0:40  Barracks  
  16  0:44  Refinery  
  16  0:51  SCV  
  17  1:03  SCV  
  18  1:15  SCV  
  19  1:27  Orbital Command  
  19  1:28  Reaper  
  20  1:42  Command Center  
  20  1:52  Barracks  
  20  1:55  SCV  
  20  2:00  Barracks Reactor  
  21  2:05  Supply Depot  
  21  2:09  SCV  
  21  2:14  Refinery  
  22  2:21  SCV  
  23  2:26  Factory  
  23  2:34  SCV  
  24  2:38  Marine x2  
  24  2:39  Barracks Tech Lab  
  26  2:46  SCV  
  27  2:53  Orbital Command  
  27  2:58  SCV  
  27  3:00  Stimpack  
  27  3:04  Marine  
  27  3:05  Marine  
  30  3:07  Marine  
  30  3:10  SCV  
  32  3:17  Starport  
  32  3:20  SCV  
  32  3:22  Factory Reactor  
  32  3:26  SCV  
  34  3:27  Marine  
  34  3:31  Marine  
  34  3:32  SCV  
  37  3:34  Marine  
  37  3:40  SCV  
  37  3:41  Supply Depot  
  39  3:45  SCV  
  40  3:50  Marine x2, Supply Depot  
  40  3:53  SCV  
  43  3:57  SCV  
  44  4:03  Medivac x2  
  44  4:06  Marine, SCV  
  44  4:09  Marine, SCV  
  51  4:12  Marine  
  53  4:17  Supply Depot  
  53  4:18  SCV  
  53  4:24  Marine, SCV  
  55  4:27  Engineering Bay  
  55  4:35  SCV, Engineering Bay  
  55  4:36  Marine  
  57  4:40  Marine  
  57  4:42  Marine, SCV  
  57  4:43  Supply Depot  
  60  4:48  SCV  
  61  4:54  Terran Infantry Weapons Level 1  
  61  4:56  SCV  
  61  4:59  Marine x2  
  64  5:00  Combat Shields, Supply Depot  
  64  5:01  Terran Infantry Armor Level 1  
  64  5:07  SCV  
  65  5:14  Command Center, SCV  
  65  5:15  Marine  
  65  5:17  Marine x2  
  65  5:19  SCV  
  70  5:25  Supply Depot  
  70  5:29  SCV  
  70  5:32  SCV  
  70  5:33  Marine  
  73  5:35  Supply Depot  
  73  5:38  Medivac x2  
  73  5:39  Marine x2  
  73  5:42  Factory Reactor  
  79  5:43  SCV  
  79  5:45  Barracks  
  79  5:46  SCV  
  79  5:48  Refinery  
  81  5:52  Marine  
  81  5:54  Barracks  
  81  5:56  Marine  
  84  5:57  SCV  
  84  6:01  SCV  
  84  6:02  Barracks  
  85  6:07  Marine  
  85  6:09  SCV  
  87  6:14  Marine  
  87  6:16  SCV  
  88  6:19  Refinery  
  88  6:20  Armory  
  88  6:24  Marine  
  89  6:34  Marine x2  
  89  6:37  Widow Mine x2  
  89  6:39  SCV  
  97  6:40  SCV  
  97  6:41  Barracks Reactor  
  97  6:42  Liberator  
  97  6:47  Liberator  
  84  6:55  Marine, Barracks Reactor x2  
  84  6:56  Orbital Command  
  84  6:57  SCV x2  
  84  6:58  Marine x2  
  84  6:59  Supply Depot  
  92  7:07  Widow Mine  
  97  7:12  Marine  
  97  7:14  Supply Depot, SCV x2  
  100  7:16  Marine x2  
  100  7:19  Marine  
  100  7:20  Marine  
  104  7:23  Terran Infantry Weapons Level 2  
  104  7:27  SCV x2  
  106  7:30  Marine  
  106  7:32  Marine x4  
  106  7:34  Marine  
  106  7:35  Unknown  
  112  7:37  Widow Mine x2  
  112  7:39  Marine  
  112  7:41  SCV x2  
  119  7:44  Orbital Command  
  119  7:45  Marine  
  119  7:49  Marine x3  
  123  7:53  Bunker  
  123  7:54  Medivac x2  
  123  7:55  SCV  
  123  7:57  Supply Depot  
  128  8:05  Marine  
  129  8:06  SCV  
  130  8:13  Marine x3  
  130  8:14  SCV  
  130  8:18  Widow Mine x2  
  130  8:19  Terran Infantry Armor Level 2  
  137  8:20  Supply Depot  
  137  8:21  Supply Depot  
  137  8:25  Liberator x2  
  137  8:26  Marine x3  
  140  8:31  Marine  
  141  8:35  Supply Depot  
  141  8:36  Marine  
  141  8:37  Marine x2  
  141  8:38  Marine, Supply Depot  
  142  8:44  Marine  
  142  8:46  Marine  
  150  8:48  SCV  
  148  8:58  SCV x2  
  150  9:08  Marine x5  
  145  9:14  Marine x4  
  127  9:19  Barracks  
  127  9:20  Barracks x2  
  127  9:26  Marine x5  
  127  9:28  Medivac x2  
  136  9:32  Marine  
  136  9:35  Marine  
  136  9:36  Marine x2  
  139  9:43  Marine  
  139  9:44  Marine x3  
  143  9:46  Widow Mine x2  
  143  9:47  Command Center  
  143  9:51  SCV  
  143  9:52  SCV  
  145  9:56  SCV  
  145  9:58  Medivac x2  
  146  10:00  Marine  
  147  10:09  Marine, Barracks Tech Lab x3  
  147  10:11  Bunker  
  148  10:14  Supply Depot  
  148  10:15  Supply Depot  
  148  10:19  Marine x3  
  150  10:24  Marine x4  
  150  10:28  Marine x2, Medivac x2  
  147  10:29  SCV x2  
  147  10:33  Marine  
  156  10:37  Marine  
  156  10:38  Marine x4  
  156  10:41  Marine  
  156  10:42  Marine x3  
  165  10:46  Marine x2  
  165  10:48  SCV x2  
  162  10:51  Marine  
  162  10:55  Marine x2  
  145  11:00  Marine x5  
  145  11:04  Marine  
  131  11:05  SCV  
  131  11:07  Marine  
  125  11:11  Marine  
  125  11:12  SCV x2  
  125  11:17  Marauder, Widow Mine  
  125  11:18  Widow Mine  
  132  11:29  Marine  
Tags
 
Add a new tag
Caveats
  • Supply blocks, unpowered buildings, or Contaminate may cause inaccurate times.
  • Supply counts are checked every 10 seconds.